Map: Persephone LE

Players

Raki

  • Race: Terran Terran
  • League: Master
  • Spawn Location: 11:00

Zystem - Winner!

  • Race: Zerg Zerg
  • League: Diamond
  • Spawn Location: 7:00

VOD

Have the link to the VOD?

Description

Time

  • Played on: July 9, 2025, 5:03 p.m.
  • Length: 8:53
Show
View Real Time Build Order
Export as new Build Order

Raki Terran 

Build Orders: Reaper Expand 

Get SALT Encoding   

  12  0:00  SCV  
  13  0:12  SCV  
  14  0:18  Supply Depot  
  14  0:25  SCV  
  15  0:39  SCV  
  15  0:41  Barracks  
  16  0:44  Refinery  
  16  0:51  SCV  
  17  1:04  SCV  
  18  1:16  SCV  
  19  1:28  Orbital Command  
  19  1:29  Reaper  
  20  1:39  Command Center  
  20  1:49  Supply Depot  
  20  1:53  SCV  
  21  1:57  Refinery  
  21  2:01  Marine  
  21  2:08  SCV  
  23  2:13  Factory  
  23  2:20  SCV  
  24  2:28  Barracks Reactor  
  24  2:32  SCV  
  25  2:44  SCV  
  26  2:54  Orbital Command  
  26  2:55  Barracks  
  26  3:01  Starport  
  26  3:04  Factory Tech Lab  
  25  3:06  Marine  
  25  3:07  Marine  
  25  3:09  SCV  
  28  3:20  SCV  
  28  3:21  SCV  
  30  3:27  Siege Tank  
  30  3:28  Bunker  
  33  3:34  Barracks Tech Lab  
  33  3:36  SCV  
  33  3:37  Barracks, SCV  
  35  3:45  Medivac  
  35  3:46  Marine  
  38  3:50  SCV  
  38  3:51  SCV  
  40  3:57  Supply Depot  
  40  3:59  Marauder  
  40  4:00  Concussive Shells  
  42  4:03  SCV  
  42  4:05  Marine  
  44  4:10  Supply Depot  
  44  4:11  Factory Reactor, SCV  
  44  4:15  Refinery  
  45  4:22  Liberator  
  48  4:31  Marine  
  48  4:32  Marine  
  48  4:34  Marine  
  48  4:35  SCV x2  
  48  4:38  Supply Depot  
  53  4:47  SCV x2  
  55  4:57  Marauder  
  57  5:00  Hellion x2  
  57  5:01  Marine x2  
  57  5:02  Marine  
  64  5:18  Marine  
  65  5:26  Marine x3  
  68  5:32  SCV x2  
  70  5:36  Barracks  
  70  5:38  Refinery, Barracks, Supply Depot  
  70  5:41  Marine  
  71  5:43  Stimpack  
  71  5:44  SCV x2  
  71  5:45  Supply Depot  
  73  5:56  SCV x2  
  75  5:59  Marine x3  
  75  6:00  Marauder  
  80  6:08  SCV x2  
  79  6:17  Marine x3  
  82  6:21  Marine, SCV x2  
  82  6:22  Factory Tech Lab  
  85  6:28  Barracks Tech Lab  
  85  6:29  Barracks Reactor, Supply Depot  
  85  6:33  SCV x2  
  85  6:35  Marine  
  85  6:36  Marauder  
  90  6:45  SCV x2  
  92  6:51  Marine x2  
  92  6:52  Marauder  
  92  6:53  Siege Tank  
  99  6:57  Marauder, SCV  
  102  7:14  Supply Depot  
  102  7:15  Supply Depot  
  102  7:16  Supply Depot  
  102  7:27  Marine x2  
  102  7:28  SCV  
  102  7:30  SCV  
  102  7:31  Marauder  
  102  7:32  Marine  
  99  7:40  SCV  
  95  7:49  Marine  
  95  7:50  Marauder x2, Marine x3  
  103  7:56  Command Center  
  103  7:59  Engineering Bay  
  103  8:00  Engineering Bay  
  103  8:10  SCV x2  
  92  8:22  SCV  
  92  8:23  SCV  
Show
View Real Time Build Order
Export as new Build Order

Zystem Zerg - Winner!

Build Orders: Hatch First 

Get SALT Encoding   

  12  0:00  Drone  
  13  0:07  Drone  
  14  0:16  Extractor  
  14  0:17  Drone  
  15  0:37  Hatchery  
  14  0:43  Extractor  
  14  0:44  Drone  
  15  0:53  Overlord  
  15  1:10  Spawning Pool  
  17  1:11  Drone x3  
  17  1:22  Drone  
  18  1:33  Drone  
  19  1:44  Drone  
  20  1:56  Queen  
  20  1:57  Queen  
  20  1:58  Zergling x2  
  20  1:59  Drone  
  20  2:00  Drone  
  27  2:07  Overlord  
  27  2:19  Drone  
  28  2:25  Drone  
  28  2:26  Drone  
  28  2:28  Hatchery  
  29  2:33  Spore Crawler  
  28  2:39  Drone x3  
  32  2:44  Drone  
  32  2:48  Drone  
  32  2:49  Queen  
  36  2:53  Extractor  
  36  2:57  Drone  
  36  3:01  Overlord  
  36  3:16  Overlord  
  36  3:20  Drone x7  
  36  3:22  Roach Warren  
  42  3:28  Evolution Chamber  
  41  3:43  Drone x6  
  41  3:45  Extractor  
  46  3:48  Queen  
  46  3:49  Overlord  
  46  3:50  Queen  
  52  4:03  Roach x4  
  52  4:07  Drone x2  
  60  4:15  Drone x3  
  60  4:16  Drone x3  
  66  4:18  Spore Crawler  
  66  4:20  Spore Crawler  
  66  4:23  Spore Crawler  
  63  4:32  Queen  
  63  4:33  Drone  
  63  4:34  Overlord  
  66  4:42  Zerg Ground Armor Level 1  
  66  4:49  Drone, Extractor  
  66  4:51  Overlord x2, Extractor  
  66  4:52  Drone  
  66  4:53  Drone x4  
  70  5:02  Roach x2  
  70  5:04  Overlord x2  
  70  5:06  Metabolic Boost  
  74  5:22  Ravager  
  74  5:25  Drone x13  
  88  5:37  Extractor  
  88  5:39  Drone  
  88  5:41  Drone x3  
  88  5:42  Drone x2  
  93  5:43  Drone x2  
  95  5:54  Overlord x2  
  95  5:56  Lair  
  95  5:57  Overlord  
  95  5:58  Overlord  
  95  6:01  Hatchery  
  94  6:13  Extractor  
  93  6:21  Roach x9  
  111  6:27  Ravager  
  111  6:28  Roach x5  
  122  6:38  Roach x7  
  136  6:50  Roach  
  136  6:51  Overlord x3  
  138  7:03  Overlord x2  
  134  7:10  Ravager  
  134  7:11  Ravager x7  
  130  7:49  Drone  
  130  7:50  Drone x11  
  130  7:51  Evolution Chamber, Extractor  
  141  7:52  Overlord, Extractor  
  141  7:53  Overlord x2  
  139  8:03  Hatchery  
  138  8:26  Roach  
Tags
 
Add a new tag
Caveats
  • Supply blocks, unpowered buildings, or Contaminate may cause inaccurate times.
  • Supply counts are checked every 10 seconds.